Map: Kairos Junction LE

Players

InZaNe - Winner!

  • Race: Terran Terran
  • Spawn Location: 11:00

ShaDoWn

  • Race: Protoss Protoss
  • Spawn Location: 5:00

Event: 2019 WCS Spring

VOD

Have the link to the VOD?

Description

Time

  • Played on: May 17, 2019, 1:03 p.m.
  • Length: 9:30

All games in this series

Show
View Real Time Build Order
Export as new Build Order

InZaNe Terran - Winner!

Build Orders: Reaper Expand 

Get SALT Encoding   

  12  0:00  SCV  
  13  0:12  SCV  
  14  0:16  Supply Depot  
  14  0:24  SCV  
  15  0:38  SCV  
  15  0:39  Barracks  
  16  0:43  Refinery  
  16  0:50  SCV  
  17  1:02  SCV  
  18  1:14  SCV  
  19  1:27  Reaper, Orbital Command  
  20  1:40  Command Center  
  20  1:53  SCV, Supply Depot  
  21  1:59  Marine  
  22  2:05  SCV  
  22  2:08  Factory  
  23  2:17  SCV  
  23  2:18  Refinery  
  23  2:20  Barracks Reactor  
  24  2:29  SCV  
  25  2:42  SCV  
  26  2:45  Barracks  
  26  2:52  Factory Tech Lab  
  26  2:53  Orbital Command  
  26  2:57  Marine x2  
  29  3:00  Starport  
  29  3:01  SCV  
  29  3:13  Cyclone  
  29  3:16  Marine x2  
  29  3:18  SCV  
  35  3:22  SCV  
  35  3:30  SCV  
  36  3:34  SCV, Barracks Tech Lab  
  37  3:43  SCV, Supply Depot  
  37  3:46  SCV  
  39  3:54  Marine x3  
  39  3:55  SCV, Stimpack  
  43  3:58  SCV  
  44  4:04  Supply Depot  
  44  4:07  SCV, Refinery  
  45  4:10  SCV  
  45  4:12  Raven  
  45  4:15  Barracks  
  48  4:18  Marine x2  
  48  4:19  SCV  
  48  4:20  Marine  
  48  4:22  SCV  
  53  4:28  Bunker  
  53  4:29  Engineering Bay  
  53  4:30  Factory Reactor  
  53  4:31  SCV  
  54  4:34  SCV  
  55  4:38  Marine, Supply Depot  
  55  4:40  Marine x2  
  58  4:46  SCV x2  
  60  4:56  Terran Infantry Weapons Level 1  
  60  4:58  SCV, Supply Depot  
  60  4:59  SCV  
  62  5:01  Marine x2  
  62  5:06  Starport Reactor  
  65  5:15  Marauder  
  65  5:16  Marauder, Widow Mine  
  65  5:20  Widow Mine  
  71  5:22  SCV x2  
  71  5:27  Combat Shield, Marine x2  
  74  5:31  Supply Depot  
  74  5:32  Refinery  
  74  5:34  SCV  
  74  5:35  SCV  
  76  5:37  Marauder x2  
  79  5:49  Medivac x2, Marine  
  85  5:52  Marine  
  85  5:54  Supply Depot  
  84  5:57  Widow Mine x2  
  84  5:58  Concussive Shells  
  88  6:04  SCV x2, Supply Depot  
  88  6:06  Marauder  
  90  6:17  Marine x2  
  91  6:24  Medivac x2  
  91  6:25  Widow Mine x2  
  99  6:26  Marauder  
  99  6:28  Supply Depot  
  99  6:31  Marauder  
  103  6:34  Supply Depot  
  103  6:37  Marine x2  
  105  6:43  Supply Depot  
  105  6:45  Liberator  
  105  6:50  Terran Infantry Armor Level 1, Widow Mine x2  
  105  6:53  Marauder  
  111  6:57  Marine x2  
  111  6:58  Marauder  
  115  7:03  Supply Depot  
  113  7:21  Marauder x2  
  110  7:32  Marine x2  
  110  7:34  Widow Mine x2  
  110  7:38  SCV x2  
  110  7:42  Marauder x2  
  113  7:49  Medivac x2  
  109  7:52  Marine x2  
  109  7:55  SCV x2  
  113  8:02  Liberator, Barracks x2  
  113  8:03  Widow Mine x2  
  117  8:08  Marauder x2, Liberator  
  117  8:09  SCV  
  122  8:14  Marine x2  
  124  8:25  Supply Depot  
  130  8:31  Marauder x2  
  134  8:38  Marine x2  
  135  8:50  Marine  
  135  8:51  Marine  
  135  8:52  Marauder x2  
  139  9:00  Marine x2  
  126  9:08  Marine  
  126  9:09  Marine  
Show
View Real Time Build Order
Export as new Build Order

ShaDoWn Protoss 

Build Orders: 1 Gate Expand, Blink Stalkers, Chargelot Immortal 

Get SALT Encoding   

  12  0:00  Probe  
  13  0:13  Probe  
  14  0:17  Pylon  
  14  0:24  Probe  
  15  0:32  Probe  
  15  0:38  Gateway  
  15  0:40  Probe  
  16  0:46  Assimilator  
  17  0:51  Probe  
  18  1:03  Probe  
  19  1:15  Probe  
  20  1:24  Cybernetics Core  
  20  1:34  Nexus  
  20  1:37  Probe  
  21  1:42  Pylon  
  21  1:49  Probe  
  21  1:51  Adept  
  21  1:52  Assimilator  
  24  2:02  Probe  
  24  2:05  Warp Gate  
  25  2:10  Stalker  
  25  2:14  Probe  
  28  2:26  Probe  
  29  2:34  Twilight Council  
  29  2:38  Probe  
  29  2:43  Probe  
  30  2:46  Stalker  
  30  2:50  Probe  
  30  2:51  Probe  
  35  3:01  Probe  
  35  3:02  Probe  
  37  3:11  Blink  
  37  3:13  Probe  
  37  3:14  Probe  
  39  3:21  Gateway  
  39  3:24  Probe  
  39  3:26  Probe  
  41  3:29  Robotics Facility  
  41  3:32  Probe  
  41  3:34  Gateway  
  41  3:38  Probe  
  41  3:40  Probe  
  43  3:41  Pylon  
  44  3:48  Assimilator  
  44  3:50  Probe  
  44  3:51  Probe  
  44  4:03  Probe x2  
  44  4:06  Pylon  
  44  4:07  Stalker  
  48  4:10  Observer  
  48  4:15  Probe  
  50  4:17  Stalker  
  50  4:20  Probe  
  53  4:24  Pylon  
  53  4:28  Observer  
  53  4:29  Stalker  
  53  4:30  Stalker  
  58  4:35  Nexus  
  58  4:42  Probe  
  58  4:43  Pylon  
  59  4:46  Stalker  
  59  4:50  Observer  
  62  4:53  Stalker  
  62  4:55  Stalker  
  66  5:00  Forge  
  66  5:01  Forge  
  66  5:07  Probe x2  
  68  5:16  Warp Prism  
  68  5:26  Charge  
  70  5:32  Sentry  
  70  5:33  Gateway  
  70  5:35  Gateway  
  72  5:38  Gateway  
  72  5:40  Protoss Ground Armor Level 1  
  72  5:49  Gateway  
  72  5:50  Protoss Ground Weapons Level 1  
  72  5:53  Gateway  
  72  5:55  Gateway  
  72  5:56  Immortal  
  73  5:57  Probe x3  
  79  6:18  Zealot x3  
  84  6:28  Probe x2  
  86  6:34  Zealot x3  
  86  6:35  Probe  
  86  6:37  Pylon x2  
  91  6:54  Shield Battery  
  91  6:55  Immortal, Shield Battery  
  91  6:57  Zealot x2  
  91  6:59  Sentry x2  
  91  7:00  Stalker x2  
  107  7:12  Zealot  
  107  7:13  Zealot  
  99  7:29  Probe  
  84  7:31  Zealot x4  
  84  7:32  Probe  
  84  7:33  Immortal  
  84  7:36  Zealot x2  
  84  7:37  Zealot  
  82  7:41  Probe  
  77  7:44  Probe  
  74  7:53  Probe  
  74  7:54  Nexus  
  74  7:56  Stalker x2, Sentry x2  
  74  7:57  Stalker  
  85  8:12  Pylon  
  85  8:15  Pylon  
  85  8:30  Stalker  
  85  8:31  Stalker, Immortal  
  85  8:34  Zealot x4  
  100  8:48  Stalker  
  100  8:55  Stalker x2, Zealot  
  102  8:59  Zealot  
  83  9:04  Zealot  
  83  9:05  Zealot  
  73  9:13  Zealot  
  73  9:16  Zealot  
  69  9:20  Zealot x3  
  59  9:25  Zealot  
  59  9:26  Sentry  
Tags
 
Add a new tag
Caveats
  • Supply blocks, unpowered buildings, or Contaminate may cause inaccurate times.
  • Supply counts are checked every 10 seconds.